 Dungeon Crawl Stone Soup version 0.27-a0-1456-gf5a116941d (webtiles) character file.

Game seed: 5163259113131013

331 Lanoc the Shield-Bearer (level 6, -6/63 HPs)
             Began as a Demonspawn Transmuter on July 6, 2021.
             Mangled by Menkaure (16 damage)
             ... on level 4 of the Dungeon.
             The game lasted 00:05:54 (3595 turns).

Lanoc the Shield-Bearer (Demonspawn Transmuter)     Turns: 3595, Time: 00:05:54

Health: -6/63      AC: 23    Str: 11    XL:     6   Next: 26%
Magic:  9/9        EV:  2    Int: 14    God:
Gold:   119        SH:  0    Dex: 21    Spells: 6/9 levels left

rFire    . . .     SeeInvis .   n - +0 long sword
rCold    . . .     Faith    .   c - +0 buckler
rNeg     + + +     Spirit   .   (armour currently unavailable)
rPois    +         Reflect  .   (helmet currently unavailable)
rElec    .         Harm     .   (cloak currently unavailable)
rCorr    .         Rampage  .   (gloves currently unavailable)
Will     .....     NoTele   +   (boots currently unavailable)
Stlth    +.........             (no amulet)
HPRegen  0.20/turn              e - +6 ring of dexterity
MPRegen  0.11/turn              (no ring)

@: confused, mighty, brilliant, tree-form, ambrosia-drunk, wereblooded
A: stationary, stasis, torment immunity, boosted hp, (slimy green scales 1),
frail 1, wild magic 1
a: no special abilities


You were on level 4 of the Dungeon.
You were a tree.
You visited 1 branch of the dungeon, and saw 4 of its levels.

You collected 119 gold pieces.

Inventory:

Hand Weapons
 n - a +0 long sword (weapon)
Armour
 c - a +0 buckler (worn)
 j - a +2 robe of positive energy (melded)
Jewellery
 e - a +6 ring of dexterity (left branch)
Wands
 a - a wand of polymorph (2)
Scrolls
 b - a scroll of vulnerability {unknown}
 f - 2 scrolls of identify {unknown}
 i - a scroll of magic mapping {unknown}
 k - a scroll of amnesia {unknown}
 l - a scroll of summoning {unknown}
Potions
 g - a potion of curing


   Skills:
 + Level 3.0 Fighting
 * Level 1.3 Long Blades
 + Level 3.2 Dodging
 * Level 3.3 Shields
 - Level 3.0 Unarmed Combat
 - Level 2.0 Spellcasting
 - Level 2.1 Transmutations


You had 6 spell levels left.
You knew the following spells:

 Your Spells              Type           Power      Damage    Failure   Level
g - Wereblood             Tmut           14%        N/A       22%         2
h - Beastly Appendage     Tmut           28%        N/A       16%         1

Your spell library contained the following spells:

 Spells                   Type           Power      Damage    Failure   Level
 Spider Form              Tmut/Pois      4%         N/A       52%         3
 Ignite Poison            Fire/Tmut/Pois 6%         N/A       58%         3
 Gell's Gravitas          Tloc           1%         N/A       67%         3
 Mephitic Cloud           Conj/Pois/Air  2%         N/A       67%         3
 Teleport Other           Tloc           2%         N/A       67%         3
 Ice Form                 Ice/Tmut       8%         N/A       89%         4
 Bolt of Magma            Conj/Fire/Erth 1%         4d4       100%        5
 Dispersal                Tloc           1%         N/A       100%        6


Dungeon Overview and Level Annotations

Branches:
Dungeon (4/15)
 Temple: D:4-7

Altars:

Shops:
D:1 *

Annotations:
D:4 Menkaure


Innate Abilities, Weirdness & Mutations

You are a tree.
Your roots penetrate the ground, keeping you stationary.
You cannot be teleported.
You are immune to unholy pain and torment.
Your maximum health is greatly increased.
Your equipment is partially melded.
((You are partially covered in slimy green scales. (AC +2)))
You are frail. (-10% HP)
Your spells are a little harder to cast, but a little more powerful.


Message History

Menkaure casts a spell.
Menkaure seems to speed up.
The goblin hits you with a +0 club.
You hit the goblin. Your kick misses the goblin.
The goblin is severely wounded.
Menkaure gestures at you while chanting.
Pain shoots through your body! The goblin closely misses you.
You riposte.
You slash the goblin!
You feel a bit better.
You kill the goblin!
It was a potion of curing.
You feel better.
It was a potion of brilliance.
You feel clever all of a sudden.
Menkaure calls on the powers of darkness!
Your body is wracked with pain!
The iguana convulses!
You hit Menkaure. Your kick misses Menkaure.
Menkaure is moderately damaged.
Menkaure barely misses you.
You hit Menkaure.
Menkaure is heavily damaged.
You block Menkaure's attack. Menkaure hits you!
* * * LOW HITPOINT WARNING * * *
It was a potion of lignification.
Your horns disappear.
Your talons disappear.
You turn into a tree.
Your +2 robe of positive energy melds into your body.
You feel less protected from negative energy.
Your roots penetrate the ground.
Menkaure hits you.
* * * LOW HITPOINT WARNING * * *
It was a potion of ambrosia.
You are confused.
You feel invigorated. Menkaure hits you.
* * * LOW HITPOINT WARNING * * *
You cannot move. (Use ctrl+direction or * direction to attack without moving.) There's something in the way.
You swing at nothing.
Menkaure hits you!
* * * LOW HITPOINT WARNING * * *
Menkaure hits you.
* * * LOW HITPOINT WARNING * * *
You feel very mighty all of a sudden. Menkaure hits you!
You die...

################
#.....##.......#
#.....##.......#
#.....##.......##
#######......#.......#.
#...lM♣.......##..†###.
......)##.......#......+.
.......####...........##.
.......#.................
.......#.......#.........
....(.[#......^#.........
......#########..........
.##... ............
..........(..


You could see Menkaure (fast) and an iguana.

Vanquished Creatures
  A scorpion (D:4)
  A hound (D:4)
  Jessica (D:2)
  An iguana (D:4)
  Terence (D:2)
  Natasha (thrice) (D:3)
  Robin (D:3)
  2 adders
  2 dart slugs (D:1)
  4 bats
  4 endoplasms
  A giant cockroach (D:2)
  13 goblins
  10 hobgoblins
  2 quokkas
  2 ball pythons (D:1)
  3 frilled lizards
  6 kobolds
  A rat (D:1)
59 creatures vanquished.

Notes
Turn   | Place    | Note
-------+----------+-------------------------------------------
     0 | D:1      | Lanoc the Demonspawn Transmuter began the quest for the
                  | Orb.
     0 | D:1      | Reached XP level 1. HP: 15/15 MP: 3/3
   245 | D:1      | Gained mutation: You are partially covered in slimy green
                  | scales. (AC +2) [demonic ancestry]
   245 | D:1      | Reached XP level 2. HP: 11/21 MP: 3/5
   255 | D:1      | Learned a level 2 spell: Wereblood
   954 | D:1      | Found Otti Gug's General Store.
  1091 | D:1      | Reached XP level 3. HP: 26/26 MP: 4/6
  1619 | D:2      | Noticed Jessica
  1626 | D:2      | Killed Jessica
  1627 | D:2      | Reached skill level 1 in Shields
  2062 | D:3      | Noticed Natasha
  2071 | D:3      | Killed Natasha
  2072 | D:3      | Reached XP level 4. HP: 29/33 MP: 4/7
  2394 | D:3      | Noticed Natasha
  2436 | D:3      | Noticed Terence
  2454 | D:3      | Killed Natasha
  2472 | D:2      | Gained mutation: You are frail. (-10% HP) [potion of
                  | mutation]
  2472 | D:2      | Gained mutation: Your spells are a little harder to cast,
                  | but a little more powerful. [potion of mutation]
  2476 | D:2      | Killed Terence
  2477 | D:2      | Reached XP level 5. HP: 9/35 MP: 8/8
  2824 | D:3      | Noticed Natasha
  2833 | D:3      | Killed Natasha
  3038 | D:3      | Noticed Robin
  3054 | D:3      | Killed Robin
  3520 | D:4      | Reached skill level 1 in Long Blades
  3520 | D:4      | Reached XP level 6. HP: 36/41 MP: 4/9
  3579 | D:4      | Noticed Menkaure
  3595 | D:4      | Mangled by Menkaure

Illustrated notes

Levels and vault maps discovered:
D:1:      lemuel_arrival_broad_hall, layout_basic, serial_shops, shop,
          hangedman_decor_points
D:2:      layout_loops_ring, uniq_jessica
D:3:      layout_loops_ring, uniq_terence, uniq_robin, uniq_natasha
D:4:      layout_basic, grunt_ministairs_14, uniq_menkaure

Skill      XL: |  1  2  3  4  5  6 |
---------------+-------------------+-----
Transmutations | 2 |  2.1
Unarmed Combat | 3 |  3.0
Dodging        | 2 3 |  3.2
Shields        | 1 2 3 |  3.3
Fighting       | 2 3 |  3.0
Long Blades    | 1 |  1.3
Spellcasting   | |  2.0

Action                   |  1- 3 |  4- 6 || total
-------------------------+-------+-------++-------
Melee: Unarmed           |    65 |    56 ||   121
       Kick              |    16 |    20 ||    36
       Headbutt          |     4 |    14 ||    18
       Long sword        |       |    28 ||    28
 Cast: Beastly Appendage |    17 |    10 ||    27
       Wereblood         |     2 |     8 ||    10
  Use: Potion            |       |     8 ||     8
 Stab: Sleeping          |     2 |       ||     2
Armor: Robe              |    18 |    14 ||    32
Dodge: Dodged            |    32 |    58 ||    90
Block: Buckler           |     7 |    15 ||    22
       Rpst.: Long sword |       |    10 ||    10

Table legend: (Time is in decaauts)
 A = Elapsed time spent in this place.
 B = Non-inter-level travel time spent in this place.
 C = Inter-level travel time spent in this place.
 D = Time resting spent in this place.
 E = Time spent auto-exploring this place.
 F = Levels seen in this place.
 G = Mean time per level.
                   A        B        C        D        E       F      G
               +--------+--------+--------+--------+--------+-----+--------+
         Total |   3614 |   3367 |    247 |      0 |   2939 |   4 |  903.5 |
       Dungeon |   3614 |   3367 |    247 |      0 |   2939 |   4 |  903.5 |
               +--------+--------+--------+--------+--------+-----+--------+

Top non-repeatable levels by time:
     D:1: 1318 daAuts
     D:3: 1126 daAuts
     D:2: 885 daAuts
     D:4: 285 daAuts
